| TOP OF THE 1ST |
|
Iowa Oaks batting - Pitching for Indianapolis Indians : RHP Mike Cullen
|
|
Pitching: RHP Mike Cullen
|
|
|
Batting: LHB Gary Jones
|
0-0: Ball 1-0: Ball 2-0: Ball 3-0: Base on Balls
|
|
Batting: RHB Edgar Flores
|
0-0: Called Strike 0-1: Called Strike 0-2: Strikes out swinging
|
|
Batting: LHB Ronald Little
|
0-0: Ball 1-0: Foul Ball, location: 2F 1-1: Ball 2-1: Ball 3-1: Called Strike 3-2: Foul Ball, location: 2F 3-2: Strikes out looking Gary Jones is caught stealing 2nd base 2-6 Batter strikes out.
|
| Top of the 1st over - 0 runs, 0 hits, 0 errors, 0 left on base; Iowa 0 - Indianapolis 0 |
| BOTTOM OF THE 1ST |
|
Indianapolis Indians batting - Pitching for Iowa Oaks : RHP Randy Romagna
|
|
Pitching: RHP Randy Romagna
|
|
|
Batting: LHB Kevin Schoendienst
|
0-0: Ball 1-0: Foul Ball, location: 2F 1-1: Called Strike 1-2: Foul Ball, location: 2F 1-2: Foul Ball, location: 2F 1-2: Ball 2-2: Ball 3-2: Fly out, F4 (Line Drive, 4, EV 76.9 MPH)
|
|
Batting: SHB Julio Estrada
|
0-0: Ball 1-0: Ground out 6-3 (Groundball, 6, EV 78.1 MPH)
|
|
Batting: RHB Luis Gonzalez
|
0-0: Foul Ball, location: 2F 0-1: Called Strike 0-2: Ball 1-2: Ball 2-2: DOUBLE (Line Drive, 9LM, EV 105.6 MPH)
|
|
Batting: RHB Pat Rooney
|
0-0: Foul Ball, location: 2F 0-1: Swinging Strike 0-2: Strikes out swinging
|
| Bottom of the 1st over - 0 runs, 1 hit, 0 errors, 1 left on base; Iowa 0 - Indianapolis 0 |
| TOP OF THE 2ND |
|
Iowa Oaks batting - Pitching for Indianapolis Indians : RHP Mike Cullen
|
|
Batting: SHB Mike Turgeon
|
0-0: Ball 1-0: Swinging Strike 1-1: Ball 2-1: Foul Ball, location: 2F 2-2: Strikes out looking
|
|
Batting: RHB Mark Benson
|
0-0: Called Strike 0-1: Swinging Strike 0-2: Ball 1-2: Fly out, F7 (Flyball, 7, EV 79.4 MPH)
|
|
Batting: SHB Rod Craig
|
0-0: Called Strike 0-1: Fly out, F9 (Flyball, 89XD, EV 93.8 MPH)
|
| Top of the 2nd over - 0 runs, 0 hits, 0 errors, 0 left on base; Iowa 0 - Indianapolis 0 |
| BOTTOM OF THE 2ND |
|
Indianapolis Indians batting - Pitching for Iowa Oaks : RHP Randy Romagna
|
|
Batting: LHB Roberto Ruiz
|
0-0: Called Strike 0-1: Called Strike 0-2: Foul Ball, location: 2F 0-2: Foul Ball, location: 2F 0-2: Ball 1-2: SINGLE (Line Drive, 8LS, EV 105.6 MPH)
|
|
Batting: SHB Bobby Ball
|
0-0: Ball 1-0: Fly out, F8 (Line Drive, 8LM, EV 98.1 MPH)
|
|
Batting: RHB Steven Campbell
|
0-0: Hit by Pitch Roberto Ruiz to second
|
|
Batting: RHB Bill Lindsey
|
0-0: Ball 1-0: Fly out, F8 (Line Drive, 8RD, EV 109.4 MPH) Runner from 2nd tags up, SAFE at 3rd with throw by CF
|
|
Batting: RHB Juan Bernhardt
|
0-0: Ball 1-0: Called Strike 1-1: Ball 2-1: Fly out, F4 (Popup, 34S, EV 68.1 MPH)
|
| Bottom of the 2nd over - 0 runs, 1 hit, 0 errors, 2 left on base; Iowa 0 - Indianapolis 0 |
| TOP OF THE 3RD |
|
Iowa Oaks batting - Pitching for Indianapolis Indians : RHP Mike Cullen
|
|
Batting: RHB Jordan Arredondo
|
0-0: Swinging Strike 0-1: Called Strike 0-2: Ball 1-2: Ball 2-2: Ball 3-2: Base on Balls
|
|
Batting: LHB Wayne Krenchicki
|
0-0: Ball 1-0: SINGLE (Groundball, 4MD, EV 98.8 MPH) Jordan Arredondo to second Runner from 2nd tries for 3rd, SAFE, throw by CF made to third
|
|
Batting: RHB Thomas Vessey
|
0-0: Ball 1-0: Foul Ball, location: 2F 1-1: Called Strike Wayne Krenchicki steals 2nd base 1-2: Strikes out looking
|
|
Batting: LHB Gary Jones
|
0-0: Foul Ball, location: 2F 0-1: Foul Ball, location: 2F 0-2: Ball 1-2: Strikes out swinging
|
|
Batting: RHB Edgar Flores
|
0-0: Ball 1-0: Called Strike 1-1: Foul Ball, location: 2F 1-2: Ball 2-2: Ball 3-2: Foul Ball, location: 2F 3-2: Foul Ball, location: 2F 3-2: Base on Balls
|
|
Batting: LHB Ronald Little
|
0-0: Swinging Strike 0-1: Called Strike 0-2: Ball 1-2: Ball 2-2: Foul Ball, location: 2F 2-2: Strikes out swinging
|
| Top of the 3rd over - 0 runs, 1 hit, 0 errors, 3 left on base; Iowa 0 - Indianapolis 0 |
| BOTTOM OF THE 3RD |
|
Indianapolis Indians batting - Pitching for Iowa Oaks : RHP Randy Romagna
|
|
Batting: LHB Kevin Schoendienst
|
0-0: Ball 1-0: Ball 2-0: Ball 3-0: Called Strike 3-1: Foul Ball, location: 2F 3-2: Base on Balls
|
|
Batting: SHB Julio Estrada
|
0-0: Ball 1-0: Called Strike 1-1: Foul Ball, location: 2F 1-2: Ball 2-2: Foul Ball, location: 2F 2-2: Foul Ball, location: 2F 2-2: Foul Ball, location: 2F 2-2: Ground out 4-3 (Groundball, 4S, EV 70.0 MPH) Kevin Schoendienst to second
|
|
Batting: RHB Luis Gonzalez
|
0-0: Swinging Strike 0-1: Ball 1-1: Ball 2-1: Ball 3-1: Base on Balls
|
|
Batting: RHB Pat Rooney
|
0-0: Called Strike Kevin Schoendienst steals 3rd base 0-1: Fly out, F4 (Popup, 13, EV 82.5 MPH)
|
|
Batting: LHB Roberto Ruiz
|
0-0: Ball 1-0: Foul Ball, location: 2F 1-1: Called Strike 1-2: Ball 2-2: Ball 3-2: Base on Balls Luis Gonzalez to second
|
|
Batting: SHB Bobby Ball
|
0-0: Ball 1-0: SINGLE (Groundball, 6S, EV 66.3 MPH) (infield hit) Kevin Schoendienst scores Luis Gonzalez to third Roberto Ruiz to second
|
|
Batting: RHB Steven Campbell
|
0-0: Called Strike 0-1: Swinging Strike 0-2: Ball 1-2: Foul Ball, location: 2F 1-2: Ball 2-2: Strikes out swinging
|
| Bottom of the 3rd over - 1 run, 1 hit, 0 errors, 3 left on base; Iowa 0 - Indianapolis 1 |
| TOP OF THE 4TH |
|
Iowa Oaks batting - Pitching for Indianapolis Indians : RHP Mike Cullen
|
|
Batting: SHB Mike Turgeon
|
0-0: Foul Ball, location: 2F 0-1: Foul Ball, location: 2F 0-2: Fly out, F9 (Flyball, 9LD, EV 93.1 MPH)
|
|
Batting: RHB Mark Benson
|
0-0: Ground out 5-3 (Groundball, 56, EV 81.9 MPH)
|
|
Batting: SHB Rod Craig
|
0-0: Ball 1-0: Ball 2-0: DOUBLE (Groundball, 3L, EV 103.1 MPH)
|
|
Batting: RHB Jordan Arredondo
|
0-0: Called Strike 0-1: Ball 1-1: Foul Ball, location: 2F 1-2: Ball 2-2: Strikes out swinging
|
| Top of the 4th over - 0 runs, 1 hit, 0 errors, 1 left on base; Iowa 0 - Indianapolis 1 |
| BOTTOM OF THE 4TH |
|
Indianapolis Indians batting - Pitching for Iowa Oaks : RHP Randy Romagna
|
|
Batting: RHB Bill Lindsey
|
0-0: Bunted foul 0-1: Fly out, F9 (Line Drive, 9, EV 94.4 MPH)
|
|
Batting: RHB Juan Bernhardt
|
0-0: Ball 1-0: Ball 2-0: Foul Ball, location: 2F 2-1: Ball 3-1: Base on Balls
|
|
Batting: LHB Kevin Schoendienst
|
0-0: Called Strike 0-1: Ball 1-1: Ball 2-1: Ball 3-1: Base on Balls Juan Bernhardt to second
|
|
Batting: SHB Julio Estrada
|
0-0: Ball 1-0: Foul Ball, location: 2F 1-1: Ball 2-1: SINGLE (Groundball, 6MD, EV 94.4 MPH) Juan Bernhardt to third Kevin Schoendienst to second Runner from 3rd tries for Home, SAFE, throw by CF to home
|
|
Batting: RHB Luis Gonzalez
|
0-0: Ball Kevin Schoendienst steals 3rd base 1-0: Swinging Strike 1-1: Swinging Strike 1-2: Fly out, F9 (Flyball, 9D, EV 101.3 MPH)
|
|
Batting: RHB Pat Rooney
|
0-0: Ball 1-0: Swinging Strike 1-1: Ball 2-1: Swinging Strike 2-2: Fly out, F8 (Line Drive, 8LD, EV 103.8 MPH)
|
| Bottom of the 4th over - 1 run, 1 hit, 0 errors, 2 left on base; Iowa 0 - Indianapolis 2 |
| TOP OF THE 5TH |
|
Iowa Oaks batting - Pitching for Indianapolis Indians : RHP Mike Cullen
|
|
Batting: LHB Wayne Krenchicki
|
0-0: Called Strike 0-1: Called Strike 0-2: Ball 1-2: Foul Ball, location: 2F 1-2: SINGLE (Line Drive, 56D, EV 104.4 MPH)
|
|
Batting: RHB Thomas Vessey
|
0-0: Called Strike Wayne Krenchicki is caught stealing 2nd base 2-4 0-1: Swinging Strike 0-2: Ball 1-2: Ground out 4-3 (Groundball, 4, EV 77.5 MPH)
|
|
Batting: LHB Gary Jones
|
0-0: Swinging Strike 0-1: Ball 1-1: Ground out 4-3 (Groundball, 4, EV 91.3 MPH)
|
| Top of the 5th over - 0 runs, 1 hit, 0 errors, 0 left on base; Iowa 0 - Indianapolis 2 |
| BOTTOM OF THE 5TH |
|
Indianapolis Indians batting - Pitching for Iowa Oaks : RHP Randy Romagna
|
|
Batting: LHB Roberto Ruiz
|
0-0: Called Strike 0-1: Swinging Strike 0-2: Ball 1-2: Fly out, F5 (Popup, 56S, EV 72.5 MPH)
|
|
Batting: SHB Bobby Ball
|
0-0: Ball 1-0: Ground out 4-3 (Groundball, 4, EV 84.4 MPH)
|
|
Batting: RHB Steven Campbell
|
0-0: Ball 1-0: Called Strike 1-1: Foul Ball, location: 2F 1-2: Ground out 4-3 (Groundball, 34, EV 78.8 MPH)
|
| Bottom of the 5th over - 0 runs, 0 hits, 0 errors, 0 left on base; Iowa 0 - Indianapolis 2 |
| TOP OF THE 6TH |
|
Iowa Oaks batting - Pitching for Indianapolis Indians : RHP Mike Cullen
|
|
Batting: RHB Edgar Flores
|
0-0: Ball 1-0: Foul Ball, location: 2F 1-1: Foul Ball, location: 2F 1-2: Foul Ball, location: 2F 1-2: Fly out, F7 (Line Drive, 7, EV 110.6 MPH)
|
|
Batting: LHB Ronald Little
|
0-0: Ball 1-0: Ground out 4-3 (Groundball, 4, EV 86.9 MPH)
|
|
Batting: SHB Mike Turgeon
|
0-0: Ball 1-0: Called Strike 1-1: Foul Ball, location: 2F 1-2: Strikes out swinging
|
| Top of the 6th over - 0 runs, 0 hits, 0 errors, 0 left on base; Iowa 0 - Indianapolis 2 |
| BOTTOM OF THE 6TH |
|
Indianapolis Indians batting - Pitching for Iowa Oaks : RHP Randy Romagna
|
|
Batting: RHB Bill Lindsey
|
0-0: Fly out, F4 (Popup, 4, EV 77.5 MPH)
|
|
Batting: RHB Juan Bernhardt
|
0-0: Ball 1-0: Ball 2-0: Fly out, F9 (Flyball, 89S, EV 77.5 MPH)
|
|
Batting: LHB Kevin Schoendienst
|
0-0: Ball 1-0: Foul Ball, location: 2F 1-1: Ground out 5-3 (Groundball, 56S, EV 61.3 MPH)
|
| Bottom of the 6th over - 0 runs, 0 hits, 0 errors, 0 left on base; Iowa 0 - Indianapolis 2 |
| TOP OF THE 7TH |
|
Iowa Oaks batting - Pitching for Indianapolis Indians : RHP Mike Cullen
|
|
Batting: RHB Mark Benson
|
0-0: Ball 1-0: Foul Ball, location: 2F 1-1: Ground out 6-3 (Groundball, 6, EV 86.9 MPH)
|
|
Batting: SHB Rod Craig
|
0-0: Ball 1-0: Fly out, F8 (Flyball, 8RD, EV 74.4 MPH)
|
|
Batting: RHB Jordan Arredondo
|
0-0: Ball 1-0: Ball 2-0: Ball 3-0: Called Strike 3-1: Base on Balls
|
|
Batting: LHB Wayne Krenchicki
|
0-0: Called Strike 0-1: Ball 1-1: Swinging Strike 1-2: Ball 2-2: Ball 3-2: Strikes out swinging
|
| Top of the 7th over - 0 runs, 0 hits, 0 errors, 1 left on base; Iowa 0 - Indianapolis 2 |
| BOTTOM OF THE 7TH |
|
Indianapolis Indians batting - Pitching for Iowa Oaks : RHP Randy Romagna
|
|
Batting: SHB Julio Estrada
|
0-0: Foul Ball, location: 2F 0-1: SINGLE (Groundball, 34D, EV 80.0 MPH) (infield hit)
|
|
Batting: RHB Luis Gonzalez
|
0-0: Ball 1-0: Fly out, F9 (Flyball, 9, EV 91.9 MPH)
|
|
Batting: RHB Pat Rooney
|
0-0: Ball 1-0: SINGLE (Groundball, 56D, EV 108.8 MPH) Julio Estrada to second
|
|
Batting: LHB Roberto Ruiz
|
0-0: Ball 1-0: Swinging Strike 1-1: SINGLE (Groundball, 34D, EV 105.0 MPH) Julio Estrada to third Pat Rooney to second Runner from 3rd tries for Home, SAFE, throw by RF to home
|
|
Batting: SHB Bobby Ball
|
0-0: Ball 1-0: Called Strike 1-1: Foul Ball, location: 2F 1-2: Foul Ball, location: 2F 1-2: Ball 2-2: Ball 3-2: Foul Ball, location: 2F 3-2: Strikes out looking
|
|
Batting: RHB Steven Campbell
|
0-0: Called Strike 0-1: TRIPLE (Flyball, 9LD, EV 101.9 MPH) Pat Rooney scores Roberto Ruiz scores
|
|
Pitching: RHP Neil Allen
|
|
|
Batting: RHB Bill Lindsey
|
0-0: Ball 1-0: Foul Ball, location: 2F 1-1: Ball 2-1: DOUBLE (Line Drive, 89D, EV 103.1 MPH) Steven Campbell scores
|
|
Batting: RHB Juan Bernhardt
|
0-0: Ball 1-0: Ground out 6-3 (Groundball, 6, EV 77.5 MPH)
|
| Bottom of the 7th over - 4 runs, 5 hits, 0 errors, 1 left on base; Iowa 0 - Indianapolis 6 |
| TOP OF THE 8TH |
|
Iowa Oaks batting - Pitching for Indianapolis Indians : RHP Mike Cullen
|
|
Batting: RHB Thomas Vessey
|
0-0: Called Strike 0-1: Ball 1-1: Called Strike 1-2: Ball 2-2: Strikes out swinging
|
|
Batting: LHB Gary Jones
|
0-0: Called Strike 0-1: Ball 1-1: Ball 2-1: Called Strike 2-2: Foul Ball, location: 2F 2-2: Ball 3-2: DOUBLE (Flyball, 78D, EV 90.6 MPH)
|
|
Batting: RHB Edgar Flores
|
0-0: Foul Ball, location: 2F 0-1: Ball 1-1: Fly out, F6 (Flyball, 5D, EV 86.9 MPH)
|
|
Batting: LHB Ronald Little
|
0-0: Swinging Strike 0-1: Ball 1-1: Called Strike 1-2: Strikes out swinging
|
| Top of the 8th over - 0 runs, 1 hit, 0 errors, 1 left on base; Iowa 0 - Indianapolis 6 |
| BOTTOM OF THE 8TH |
|
Indianapolis Indians batting - Pitching for Iowa Oaks : RHP Neil Allen
|
|
Batting: LHB Kevin Schoendienst
|
0-0: Called Strike 0-1: Foul Ball, location: 2F 0-2: Ball 1-2: Ground out 4-3 (Groundball, 4S, EV 88.8 MPH)
|
|
Batting: SHB Julio Estrada
|
0-0: Foul Ball, location: 2F 0-1: Fly out, F2 (Popup, 2LF, EV 88.8 MPH)
|
|
Batting: RHB Luis Gonzalez
|
0-0: SOLO HOME RUN (Flyball, 7LD, EV 97.5 MPH), Distance : 347 ft
|
|
Batting: RHB Pat Rooney
|
0-0: Ball 1-0: Fly out, F7 (Flyball, 7D, EV 104.4 MPH)
|
| Bottom of the 8th over - 1 run, 1 hit, 0 errors, 0 left on base; Iowa 0 - Indianapolis 7 |
| TOP OF THE 9TH |
|
Iowa Oaks batting - Pitching for Indianapolis Indians : RHP Mike Cullen
|
|
Pinch Hitting: LHB Bob Hamilton
|
0-0: Ball 1-0: Hit by Pitch
|
|
Batting: RHB Mark Benson
|
0-0: Ball 1-0: Called Strike 1-1: Foul Ball, location: 2F 1-2: Fielders Choice at 2nd, 6-4 (Groundball, 6, EV 78.8 MPH)
|
|
Batting: SHB Rod Craig
|
0-0: Called Strike 0-1: Swinging Strike 0-2: Foul Ball, location: 2F 0-2: Strikes out looking
|
|
Batting: RHB Jordan Arredondo
|
0-0: Called Strike 0-1: Swinging Strike 0-2: Strikes out swinging
|
| Top of the 9th over - 0 runs, 0 hits, 0 errors, 1 left on base; Iowa 0 - Indianapolis 7 |
|